| TOP OF THE 1ST |
|
Lowell Spinners batting - Pitching for Los Angeles (NYP) Angels : LHP Jon Curtis
|
|
Pitching: LHP Jon Curtis
|
|
|
Batting: RHB Nick Cottrell
|
0-0: Called Strike 0-1: Ball 1-1: Ball 2-1: Foul Ball, location: 2F 2-2: Ball 3-2: Fly out, F9 (Line Drive, 9D, EV 85.6 MPH)
|
|
Batting: LHB Nelis Geurts
|
0-0: Ball 1-0: TRIPLE (Flyball, 9D, EV 96.9 MPH)
|
|
Batting: RHB Guillermo Quintero
|
0-0: Ground out 6-3 (Groundball, 6, EV 86.2 MPH) Nelis Geurts scores
|
|
Batting: RHB Jose Diaz
|
0-0: Called Strike 0-1: Foul Ball, location: 2F 0-2: Strikes out looking
|
| Top of the 1st over - 1 run, 1 hit, 0 errors, 0 left on base; Lowell 1 - Los Angeles (NYP) 0 |
| BOTTOM OF THE 1ST |
|
Los Angeles (NYP) Angels batting - Pitching for Lowell Spinners : RHP Mike Schroeder
|
|
Pitching: RHP Mike Schroeder
|
|
|
Batting: RHB Jeff Long
|
0-0: Ball 1-0: Called Strike 1-1: Swinging Strike 1-2: Ball 2-2: Ball 3-2: Base on Balls
|
|
Batting: RHB Steve Hasson
|
0-0: Ball 1-0: Ball 2-0: Ball Jeff Long steals 2nd base 3-0: Called Strike 3-1: Foul Ball, location: 2F 3-2: Foul Ball, location: 2F 3-2: Ground out 6-3 (Groundball, 6, EV 90.0 MPH) Jeff Long to third
|
|
Batting: RHB Randy Grewe
|
0-0: Ball 1-0: Ball 2-0: Called Strike 2-1: Foul Ball, location: 2F 2-2: Fly out, F9 (Flyball, 9D, EV 95.6 MPH) Runner from 3rd tags up, SCORES, no throw by RF
|
|
Batting: SHB Conor Davies
|
0-0: SINGLE (Flyball, 8LS, EV 85.0 MPH)
|
|
Batting: RHB Jon Griffin
|
0-0: Ball 1-0: Foul Ball, location: 2F 1-1: Ball 2-1: Foul Ball, location: 2F 2-2: Foul Ball, location: 2F 2-2: Strikes out swinging
|
| Bottom of the 1st over - 1 run, 1 hit, 0 errors, 1 left on base; Lowell 1 - Los Angeles (NYP) 1 |
| TOP OF THE 2ND |
|
Lowell Spinners batting - Pitching for Los Angeles (NYP) Angels : LHP Jon Curtis
|
|
Batting: RHB Billy Ratz
|
0-0: Swinging Strike 0-1: Ball 1-1: Ball 2-1: Called Strike 2-2: Strikes out swinging, 2-3 out at first.
|
|
Batting: LHB Noel Young
|
0-0: Ball 1-0: Called Strike 1-1: Ball 2-1: Ground out 6-3 (Groundball, 6, EV 89.4 MPH)
|
|
Batting: RHB Bobby Schimke
|
0-0: Ball 1-0: Fly out, F9 (Flyball, 89D, EV 96.2 MPH)
|
| Top of the 2nd over - 0 runs, 0 hits, 0 errors, 0 left on base; Lowell 1 - Los Angeles (NYP) 1 |
| BOTTOM OF THE 2ND |
|
Los Angeles (NYP) Angels batting - Pitching for Lowell Spinners : RHP Mike Schroeder
|
|
Batting: RHB Jason Habeck
|
0-0: Ball 1-0: Called Strike 1-1: Ball 2-1: Foul Ball, location: 2F 2-2: Foul Ball, location: 2F 2-2: Hit by Pitch
|
|
Batting: RHB Steve Hughey
|
0-0: Called Strike 0-1: Foul Ball, location: 2F 0-2: Foul Ball, location: 2F 0-2: Strikes out swinging
|
|
Batting: RHB David Kunze
|
0-0: Ball 1-0: Swinging Strike 1-1: Ball 2-1: Swinging Strike 2-2: Strikes out swinging
|
|
Batting: RHB Zach Robbins
|
0-0: Ball 1-0: Called Strike 1-1: Called Strike 1-2: Fielders Choice at 2nd, 5-4 (Groundball, 56, EV 105.0 MPH)
|
| Bottom of the 2nd over - 0 runs, 0 hits, 0 errors, 1 left on base; Lowell 1 - Los Angeles (NYP) 1 |
| TOP OF THE 3RD |
|
Lowell Spinners batting - Pitching for Los Angeles (NYP) Angels : LHP Jon Curtis
|
|
Batting: RHB Nick Ameen
|
0-0: Swinging Strike 0-1: Ball 1-1: Ground out 4-3 (Groundball, 4, EV 85.6 MPH)
|
|
Batting: RHB Jose Conde
|
0-0: Swinging Strike 0-1: Ball 1-1: Foul Ball, location: 2F 1-2: TRIPLE (Groundball, 3L, EV 103.8 MPH)
|
|
Batting: RHB Nick Cottrell
|
0-0: Foul Ball, location: 2F 0-1: Called Strike 0-2: Strikes out looking
|
|
Batting: LHB Nelis Geurts
|
0-0: Ball 1-0: Ball 2-0: Ball 3-0: Base on Balls
|
|
Batting: RHB Guillermo Quintero
|
0-0: Ball 1-0: Foul Ball, location: 2F 1-1: Called Strike 1-2: DOUBLE (Line Drive, 9LM, EV 107.5 MPH) Jose Conde scores Nelis Geurts to third Runner from 3rd tries for Home, SAFE, throw by RF to home
|
|
Batting: RHB Jose Diaz
|
0-0: Called Strike 0-1: Ground out 4-3 (Groundball, 4, EV 100.0 MPH)
|
| Top of the 3rd over - 2 runs, 2 hits, 0 errors, 1 left on base; Lowell 3 - Los Angeles (NYP) 1 |
| BOTTOM OF THE 3RD |
|
Los Angeles (NYP) Angels batting - Pitching for Lowell Spinners : RHP Mike Schroeder
|
|
Batting: RHB Jeff Long
|
0-0: Ground out U3 (Groundball, 34, EV 85.0 MPH)
|
|
Batting: RHB Steve Hasson
|
0-0: Called Strike 0-1: Ball 1-1: Foul Ball, location: 2F 1-2: Ball 2-2: Ball 3-2: Foul Ball, location: 2F 3-2: Ground out 5-3 (Groundball, 56S, EV 90.0 MPH)
|
|
Batting: RHB Randy Grewe
|
0-0: Called Strike 0-1: Foul Ball, location: 2F 0-2: Ball 1-2: Ball 2-2: Ground out 4-3 (Groundball, 4, EV 101.9 MPH)
|
| Bottom of the 3rd over - 0 runs, 0 hits, 0 errors, 0 left on base; Lowell 3 - Los Angeles (NYP) 1 |
| TOP OF THE 4TH |
|
Lowell Spinners batting - Pitching for Los Angeles (NYP) Angels : LHP Jon Curtis
|
|
Batting: RHB Billy Ratz
|
0-0: Ball 1-0: Called Strike 1-1: Swinging Strike 1-2: Strikes out looking
|
|
Batting: LHB Noel Young
|
0-0: Called Strike 0-1: Ball 1-1: Foul Ball, location: 2F 1-2: Ball 2-2: Strikes out swinging
|
|
Batting: RHB Bobby Schimke
|
0-0: Ball 1-0: Ball 2-0: Ground out U3 (Groundball, 3L, EV 110.0 MPH)
|
| Top of the 4th over - 0 runs, 0 hits, 0 errors, 0 left on base; Lowell 3 - Los Angeles (NYP) 1 |
| BOTTOM OF THE 4TH |
|
Los Angeles (NYP) Angels batting - Pitching for Lowell Spinners : RHP Mike Schroeder
|
|
Batting: SHB Conor Davies
|
0-0: Foul Ball, location: 2F 0-1: Foul Ball, location: 2F 0-2: Strikes out looking
|
|
Batting: RHB Jon Griffin
|
0-0: Called Strike 0-1: Swinging Strike 0-2: Ball 1-2: Strikes out looking
|
|
Batting: RHB Jason Habeck
|
0-0: Ball 1-0: Ground out 6-3 (Groundball, 6, EV 78.8 MPH)
|
| Bottom of the 4th over - 0 runs, 0 hits, 0 errors, 0 left on base; Lowell 3 - Los Angeles (NYP) 1 |
| TOP OF THE 5TH |
|
Lowell Spinners batting - Pitching for Los Angeles (NYP) Angels : LHP Jon Curtis
|
|
Batting: RHB Nick Ameen
|
0-0: Ball 1-0: Swinging Strike 1-1: Ball 2-1: Called Strike 2-2: DOUBLE (Groundball, 5L, EV 108.8 MPH)
|
|
Batting: RHB Jose Conde
|
0-0: Called Strike 0-1: Ball 1-1: Called Strike 1-2: Ball 2-2: Ball 3-2: Strikes out swinging
|
|
Batting: RHB Nick Cottrell
|
0-0: Called Strike 0-1: Ball 1-1: Ground out 1-3 (Groundball, 13S, EV 66.2 MPH) Nick Ameen to third
|
|
Batting: LHB Nelis Geurts
|
0-0: Ball 1-0: Ground out 6-3 (Groundball, 6, EV 89.4 MPH)
|
| Top of the 5th over - 0 runs, 1 hit, 0 errors, 1 left on base; Lowell 3 - Los Angeles (NYP) 1 |
| BOTTOM OF THE 5TH |
|
Los Angeles (NYP) Angels batting - Pitching for Lowell Spinners : RHP Mike Schroeder
|
|
Batting: RHB Steve Hughey
|
0-0: Called Strike 0-1: Ball 1-1: Ground out 3-1 (Groundball, 34, EV 105.0 MPH)
|
|
Batting: RHB David Kunze
|
0-0: Ball 1-0: SINGLE (Line Drive, 8LS, EV 108.1 MPH)
|
|
Batting: RHB Zach Robbins
|
0-0: Called Strike David Kunze steals 2nd, throwing error, E2 David Kunze to third 0-1: DOUBLE (Line Drive, 9LS, EV 100.0 MPH) David Kunze scores
|
|
Batting: RHB Jeff Long
|
0-0: Ball 1-0: Ball 2-0: Called Strike 2-1: Swinging Strike 2-2: Ball 3-2: Foul Ball, location: 2F 3-2: Fly out, F1 (Line Drive, P, EV 71.9 MPH)
|
|
Batting: RHB Steve Hasson
|
0-0: Foul Ball, location: 2F 0-1: Swinging Strike 0-2: SINGLE (Groundball, 56D, EV 106.9 MPH) Zach Robbins to third Runner from 3rd tries for Home, SAFE, throw by LF to home
|
|
Batting: RHB Randy Grewe
|
0-0: Ball 1-0: Ball Wild Pitch! Steve Hasson to second 2-0: Ball 3-0: Base on Balls
|
|
Pitching: RHP Bryan Paiva
|
|
|
Batting: SHB Conor Davies
|
0-0: Ball 1-0: Fly out, F8 (Line Drive, 8RD, EV 86.2 MPH)
|
| Bottom of the 5th over - 2 runs, 3 hits, 1 error, 2 left on base; Lowell 3 - Los Angeles (NYP) 3 |
| TOP OF THE 6TH |
|
Lowell Spinners batting - Pitching for Los Angeles (NYP) Angels : LHP Jon Curtis
|
|
Pitching: LHP Brandon Davis
|
|
|
Batting: RHB Guillermo Quintero
|
0-0: Called Strike 0-1: Ball 1-1: Swinging Strike 1-2: Ball 2-2: Ball 3-2: Base on Balls
|
|
Batting: RHB Jose Diaz
|
0-0: Ball Guillermo Quintero steals 2nd base 1-0: Ball 2-0: Called Strike 2-1: Ball 3-1: Base on Balls
|
|
Batting: RHB Billy Ratz
|
0-0: Called Strike 0-1: Grounds into double play, 4-6-3 (Groundball, 34, EV 80.6 MPH) Guillermo Quintero to third
|
|
Pinch Hitting: RHB Jesus Montoya
|
0-0: Ball 1-0: Called Strike 1-1: Swinging Strike 1-2: Foul Ball, location: 2F 1-2: Foul Ball, location: 2F 1-2: Strikes out swinging
|
| Top of the 6th over - 0 runs, 0 hits, 0 errors, 1 left on base; Lowell 3 - Los Angeles (NYP) 3 |
| BOTTOM OF THE 6TH |
|
Los Angeles (NYP) Angels batting - Pitching for Lowell Spinners : RHP Bryan Paiva
|
|
Now in LF: Tommy Boudreaux
|
|
|
Batting: RHB Jon Griffin
|
0-0: Ball 1-0: Ball 2-0: Called Strike 2-1: Foul Ball, location: 2F 2-2: Ball 3-2: Strikes out swinging
|
|
Batting: RHB Jason Habeck
|
0-0: Ball 1-0: Fly out, F8 (Flyball, 8LD, EV 91.9 MPH)
|
|
Batting: RHB Steve Hughey
|
0-0: Ball 1-0: Ground out 5-3 (Groundball, 5, EV 84.4 MPH)
|
| Bottom of the 6th over - 0 runs, 0 hits, 0 errors, 0 left on base; Lowell 3 - Los Angeles (NYP) 3 |
| TOP OF THE 7TH |
|
Lowell Spinners batting - Pitching for Los Angeles (NYP) Angels : LHP Brandon Davis
|
|
Pitching: RHP Joe Schuler
|
|
|
Batting: RHB Bobby Schimke
|
0-0: Ball 1-0: Called Strike 1-1: SINGLE (Groundball, 6D, EV 96.9 MPH)
|
|
Pinch Hitting: LHB Jarrett Mordecai
|
0-0: Called Strike 0-1: Ball 1-1: Ball 2-1: Ball 3-1: Base on Balls Bobby Schimke to second
|
|
Pinch Hitting: LHB Tony Rivera
|
0-0: Ball 1-0: Called Strike 1-1: Ball Wild Pitch! Bobby Schimke to third Jarrett Mordecai to second 2-1: Swinging Strike 2-2: Ball 3-2: Base on Balls
|
|
Batting: RHB Nick Cottrell
|
0-0: Called Strike 0-1: Ball 1-1: Foul Ball, location: 2F 1-2: Foul Ball, location: 2F 1-2: Ball 2-2: Ball Wild Pitch! Bobby Schimke scores Jarrett Mordecai to third Tony Rivera to second 3-2: Base on Balls
|
|
Pitching: RHP Kevin Greene
|
|
|
Batting: LHB Nelis Geurts
|
0-0: Called Strike 0-1: Fly out, F4 (Popup, 4MS, EV 85.6 MPH)
|
|
Batting: RHB Guillermo Quintero
|
0-0: Ball 1-0: Ball 2-0: Ball 3-0: Called Strike 3-1: Base on Balls Jarrett Mordecai scores Tony Rivera to third Nick Cottrell to second
|
|
Batting: RHB Jose Diaz
|
0-0: Ball 1-0: Ball 2-0: Fly out, F3 (Popup, 3F, EV 62.5 MPH)
|
|
Batting: RHB Billy Ratz
|
0-0: Ball 1-0: Swinging Strike 1-1: Ball 2-1: Ball 3-1: Base on Balls Tony Rivera scores Nick Cottrell to third Guillermo Quintero to second
|
|
Batting: RHB Tommy Boudreaux
|
0-0: Swinging Strike 0-1: Ball 1-1: Ball 2-1: Swinging Strike 2-2: Foul Ball, location: 2F 2-2: Foul Ball, location: 2F 2-2: Fly out, F2 (Popup, 23F, EV 80.6 MPH)
|
| Top of the 7th over - 3 runs, 1 hit, 0 errors, 3 left on base; Lowell 6 - Los Angeles (NYP) 3 |
| BOTTOM OF THE 7TH |
|
Los Angeles (NYP) Angels batting - Pitching for Lowell Spinners : RHP Bryan Paiva
|
|
Now at 1B: Jarrett Mordecai
|
|
|
Now at 3B: Joel Vazquez
|
|
|
Now in RF: Guillermo Quintero
|
|
|
Batting: RHB David Kunze
|
0-0: Called Strike 0-1: Ball 1-1: Fly out, F8 (Flyball, 8RM, EV 92.5 MPH)
|
|
Batting: RHB Zach Robbins
|
0-0: Ball 1-0: Ground out 4-3 (Groundball, 4, EV 103.8 MPH)
|
|
Batting: RHB Jeff Long
|
0-0: Foul Ball, location: 2F 0-1: Swinging Strike 0-2: Fly out, F9 (Flyball, 89M, EV 93.8 MPH)
|
| Bottom of the 7th over - 0 runs, 0 hits, 0 errors, 0 left on base; Lowell 6 - Los Angeles (NYP) 3 |
| TOP OF THE 8TH |
|
Lowell Spinners batting - Pitching for Los Angeles (NYP) Angels : RHP Kevin Greene
|
|
Batting: RHB Bobby Schimke
|
0-0: Swinging Strike 0-1: Ball 1-1: Ball 2-1: SINGLE (Groundball, 6D, EV 107.5 MPH)
|
|
Batting: LHB Jarrett Mordecai
|
0-0: Ball 1-0: Ball Wild Pitch! Bobby Schimke to second 2-0: Intentional Walk
|
|
Batting: RHB Joel Vazquez
|
0-0: Ball Passed Ball! Bobby Schimke to third Jarrett Mordecai to second 1-0: Called Strike 1-1: Ball 2-1: Ball 3-1: DOUBLE (Groundball, 5L, EV 101.9 MPH) Bobby Schimke scores Jarrett Mordecai scores
|
|
Batting: RHB Nick Cottrell
|
0-0: SINGLE (Line Drive, 34D, EV 94.4 MPH) Joel Vazquez to third
|
|
Batting: LHB Nelis Geurts
|
0-0: Ball 1-0: Ball Nick Cottrell steals 2nd base (no throw) 2-0: Foul Ball, location: 2F 2-1: Foul Ball, location: 2F 2-2: Foul Ball, location: 2F 2-2: Ball 3-2: SINGLE (Line Drive, 8LS, EV 104.4 MPH) Joel Vazquez scores Nick Cottrell to third
|
|
Batting: RHB Guillermo Quintero
|
0-0: Ball 1-0: Called Strike 1-1: Ball 2-1: Fly out, F7 (Line Drive, 7, EV 95.6 MPH) Runner from 3rd tags up, SCORES, throw by LF
|
|
Batting: RHB Jose Diaz
|
0-0: Ball 1-0: Fly out, F9 (Flyball, 89D, EV 89.4 MPH)
|
|
Batting: RHB Billy Ratz
|
0-0: Ball 1-0: Swinging Strike 1-1: Ball 2-1: Foul Ball, location: 2F 2-2: Ball Passed Ball! Nelis Geurts to second 3-2: Foul Ball, location: 2F 3-2: Base on Balls
|
|
Batting: RHB Tommy Boudreaux
|
0-0: Ball 1-0: DOUBLE (Line Drive, 78M, EV 93.8 MPH) Nelis Geurts scores Billy Ratz to third
|
|
Batting: RHB Bobby Schimke
|
0-0: Ball 1-0: Called Strike 1-1: Foul Ball, location: 2F 1-2: Foul Ball, location: 2F 1-2: Foul Ball, location: 2F 1-2: Foul Ball, location: 2F 1-2: DOUBLE (Line Drive, 9LD, EV 101.2 MPH) Billy Ratz scores Tommy Boudreaux scores
|
|
Pitching: RHP Mario Velazquez
|
|
|
Batting: LHB Jarrett Mordecai
|
0-0: Ball 1-0: Called Strike 1-1: Ball 2-1: Ball 3-1: Base on Balls
|
|
Batting: RHB Joel Vazquez
|
0-0: Hit by Pitch Bobby Schimke to third Jarrett Mordecai to second
|
|
Batting: RHB Nick Cottrell
|
0-0: Ball Wild Pitch! Bobby Schimke scores Jarrett Mordecai to third Joel Vazquez to second 1-0: Ball 2-0: Foul Ball, location: 2F 2-1: Ball 3-1: Base on Balls
|
|
Batting: LHB Nelis Geurts
|
0-0: Ball 1-0: Foul Ball, location: 2F 1-1: Swinging Strike 1-2: TRIPLE (Line Drive, 78XD, EV 101.2 MPH) Jarrett Mordecai scores Joel Vazquez scores Nick Cottrell scores
|
|
Batting: RHB Guillermo Quintero
|
0-0: Ball 1-0: Called Strike 1-1: Foul Ball, location: 2F 1-2: Foul Ball, location: 2F 1-2: Foul Ball, location: 2F 1-2: Ball 2-2: Strikes out swinging
|
| Top of the 8th over - 11 runs, 7 hits, 0 errors, 1 left on base; Lowell 17 - Los Angeles (NYP) 3 |
| BOTTOM OF THE 8TH |
|
Los Angeles (NYP) Angels batting - Pitching for Lowell Spinners : RHP Bryan Paiva
|
|
Batting: RHB Steve Hasson
|
0-0: Reached on error, E2 (Groundball, 15S, EV 71.9 MPH)
|
|
Batting: RHB Randy Grewe
|
0-0: Called Strike 0-1: Foul Ball, location: 2F 0-2: Ball 1-2: Ball 2-2: Ball 3-2: Ground out 6-3 (Groundball, 6, EV 98.1 MPH)
|
|
Batting: SHB Conor Davies
|
0-0: Called Strike 0-1: Foul Ball, location: 2F 0-2: Ground out U3 (Groundball, 3, EV 82.5 MPH) Steve Hasson to third
|
|
Pinch Hitting: RHB Tsega Haida
|
0-0: Foul Ball, location: 2F 0-1: Ball 1-1: Ball 2-1: Swinging Strike 2-2: Ball 3-2: Fly out, F5 (Popup, 56S, EV 79.4 MPH)
|
| Bottom of the 8th over - 0 runs, 0 hits, 1 error, 1 left on base; Lowell 17 - Los Angeles (NYP) 3 |
| TOP OF THE 9TH |
|
Lowell Spinners batting - Pitching for Los Angeles (NYP) Angels : RHP Mario Velazquez
|
|
Now in LF: Tsega Haida
|
|
|
Batting: RHB Jose Diaz
|
0-0: Ball 1-0: Ball 2-0: Ball 3-0: Called Strike 3-1: Called Strike 3-2: DOUBLE (Line Drive, 78XD, EV 107.5 MPH)
|
|
Batting: RHB Billy Ratz
|
Balk! Jose Diaz to third Balk! Jose Diaz scores 0-0: Called Strike 0-1: Ball 1-1: Foul Ball, location: 2F 1-2: Ball 2-2: Strikes out swinging
|
|
Batting: RHB Tommy Boudreaux
|
0-0: Ball 1-0: SINGLE (Line Drive, 8LS, EV 95.0 MPH)
|
|
Batting: RHB Bobby Schimke
|
0-0: Called Strike 0-1: Ball 1-1: Called Strike 1-2: Strikes out swinging
|
|
Pinch Hitting: SHB Jared Snyder
|
0-0: Called Strike 0-1: Ball 1-1: Called Strike Balk! Tommy Boudreaux to second 1-2: Reached on error, E1 (Groundball, 34S, EV 72.5 MPH) Tommy Boudreaux to third
|
|
Batting: RHB Joel Vazquez
|
0-0: Ball 1-0: Ball 2-0: Ball 3-0: Called Strike 3-1: Base on Balls Jared Snyder to second
|
|
Pitching: RHP D.J. Martinez
|
|
|
Batting: RHB Nick Cottrell
|
0-0: Ball 1-0: Foul Ball, location: 2F 1-1: Swinging Strike 1-2: Foul Ball, location: 2F 1-2: Ball 2-2: SINGLE (Line Drive, 56D, EV 106.2 MPH) Tommy Boudreaux scores Jared Snyder to third Joel Vazquez to second
|
|
Batting: LHB Nelis Geurts
|
0-0: Fielders Choice at 2nd, 6-4 (Groundball, 6, EV 100.0 MPH)
|
| Top of the 9th over - 2 runs, 3 hits, 1 error, 3 left on base; Lowell 19 - Los Angeles (NYP) 3 |
| BOTTOM OF THE 9TH |
|
Los Angeles (NYP) Angels batting - Pitching for Lowell Spinners : RHP Bryan Paiva
|
|
Now at 1B: Jared Snyder
|
|
|
Batting: RHB Jason Habeck
|
0-0: Foul Ball, location: 2F 0-1: DOUBLE (Line Drive, 89D, EV 100.6 MPH)
|
|
Batting: RHB Steve Hughey
|
0-0: Ball 1-0: 2-RUN HOME RUN (Flyball, 78XD, EV 113.8 MPH), Distance : 446 ft
|
|
Batting: RHB David Kunze
|
0-0: Called Strike 0-1: Foul Ball, location: 2F 0-2: Ball 1-2: Ball 2-2: Ball 3-2: SINGLE (Groundball, 56D, EV 100.0 MPH)
|
|
Batting: RHB Zach Robbins
|
0-0: Called Strike 0-1: Ball 1-1: Foul Ball, location: 2F 1-2: Grounds into double play, 6-4-3 (Groundball, 6, EV 89.4 MPH)
|
|
Batting: RHB Jeff Long
|
0-0: Ball 1-0: Ball 2-0: Swinging Strike 2-1: Foul Ball, location: 2F 2-2: Ball 3-2: Base on Balls
|
|
Batting: RHB Steve Hasson
|
0-0: Swinging Strike 0-1: Fielders Choice at 2nd, 6-4 (Groundball, 6, EV 86.2 MPH)
|
| Bottom of the 9th over - 2 runs, 3 hits, 0 errors, 1 left on base; Lowell 19 - Los Angeles (NYP) 5 |
|